 Dungeon Crawl Stone Soup version 0.20.0 (webtiles) character file.

109 MatthieuS the Magician (level 4, -4/36 HPs)
             Began as a Deep Elf Fire Elementalist on June 4, 2017.
             Slain by a gnoll
             ... wielding a +0 halberd
              (5 damage)
             ... on level 2 of the Dungeon.
             The game lasted 00:07:23 (2236 turns).

MatthieuS the Magician (Deep Elf Fire Elementalist) Turns: 2236, Time: 00:07:24

Health: -4/36      AC: 22    Str:  6    XL:     4   Next: 60%
Magic:  2/12       EV:  2    Int: 20    God:
Gold:   77         SH:  0    Dex: 15    Spells: 2/11 levels left

rFire    . . .     SeeInvis .   f - +0 dagger (venom)
rCold    . . .     Gourm    .   (no shield)
rNeg     + + +     Faith    .   (armour currently unavailable)
rPois    +         Spirit   .   (helmet currently unavailable)
rElec    .         Reflect  .   (cloak currently unavailable)
rCorr    .         Harm     .   (gloves currently unavailable)
MR       .....     NoTele   +   (boots currently unavailable)
Stlth    ++........             (no amulet)
Regen    0.2/turn               l - ring of wizardry
MPRegen  0.2/turn               (no ring)

@: tree-form
A: no striking features
a: no special abilities


You were on level 2 of the Dungeon.
You were not hungry.
You were a tree.
You visited 1 branch of the dungeon, and saw 2 of its levels.

You collected 77 gold pieces.

Inventory:

Hand Weapons
 f - a +0 dagger of venom (weapon)
Missiles
 i - 42 stones (quivered)
Armour
 a - a +0 robe (melded)
Jewellery
 l - a ring of wizardry (left branch)
Scrolls
 d - 5 scrolls of identify
 e - 3 scrolls of recharging
Potions
 g - a potion of lignification
Books
 b - a book of Flames

   Spells                             Type                      Level
   a - Flame Tongue                   Conjuration/Fire             1
   b - Throw Flame                    Conjuration/Fire             2
   c - Conjure Flame                  Conjuration/Fire             3
   d - Inner Flame                    Hexes/Fire                   3
   e - Sticky Flame                   Conjuration/Fire             4
   f - Fireball                       Conjuration/Fire             5
Comestibles
 c - a bread ration
 h - 2 chunks of flesh
 j - a royal jelly


   Skills:
 + Level 0.1 Fighting
 + Level 0.2 Throwing
 + Level 2.8 Dodging
 + Level 3.1 Stealth
 + Level 4.3 Spellcasting
 + Level 2.1 Conjurations
 + Level 0.3 Hexes
 + Level 4.1 Fire Magic


You had 2 spell levels left.
You knew the following spells:

 Your Spells              Type           Power        Failure   Level  Hunger
a - Flame Tongue          Conj/Fire      ###..        1%          1    None
b - Throw Flame           Conj/Fire      ###...       1%          2    #......
c - Conjure Flame         Conj/Fire      ###.....     4%          3    ###....
d - Inner Flame           Hex/Fire       ##......     6%          3    ###....


Dungeon Overview and Level Annotations

Branches:
Dungeon (2/15)

Altars:
Cheibriados
Qazlal
Ru


Message History

Saving game... please wait.
Welcome back, MatthieuS the Deep Elf Fire Elementalist.
Press ? for a list of commands and other information.
As you read the scroll labeled CUHAAR MORCH, it crumbles to dust.
It is a scroll of identify.
e - 3 scrolls of recharging The gnoll hits you but does no damage.
You cannot move.
You cannot move.
You cannot move.
The gnoll hits you but does no damage. The gnoll hits you but does no damage.
The gnoll hits you but does no damage. The gnoll hits you but does no damage.
The gnoll hits you but does no damage.
The gnoll hits you from afar with a halberd!
* * * LOW HITPOINT WARNING * * *
The gnoll hits you but does no damage.
The gnoll hits you from afar with a halberd.
You die...

###### #....# #.##.# ..##.#
####.####### #############
...........########...........#
...............#..............#
...............#........###...###
................♣.g.....#E#...#E#
...................)...####g..###
...........♣.......###.#.........
..........♣_♣........#......_....
...........♣.........#...........
.....................#..###...###
......####..#.......)...#E#...#E#
......+....####.........###...###
......##.....#...#..........[..#


You could see a gnoll.

Vanquished Creatures
  2 gnolls (D:2)
  3 adders (D:2)
  An ooze (D:2)
  A worm (D:2)
  4 dart slugs (D:2)
  3 leopard geckos (D:2)
  An orc (D:1)
  6 hobgoblins
  4 jackals (D:2)
  2 kobolds
  A ball python (D:2)
  3 bats
  3 frilled lizards (D:2)
  6 goblins
  5 rats
45 creatures vanquished.

Notes
Turn   | Place    | Note
-------+----------+-------------------------------------------
     0 | D:1      | MatthieuS the Deep Elf Fire Elementalist began the quest for the Orb.
     0 | D:1      | Reached XP level 1. HP: 10/10 MP: 6/6
   502 | D:1      | Reached XP level 2. HP: 15/15 MP: 5/8
   532 | D:1      | Learned a level 2 spell: Throw Flame
   740 | D:2      | Found a sacrificial altar of Ru.
   902 | D:2      | Reached XP level 3. HP: 19/19 MP: 5/10
  1043 | D:2      | Found a snail-covered altar of Cheibriados.
  1314 | D:2      | Learned a level 3 spell: Conjure Flame
  1337 | D:2      | Found a faded altar of an unknown god.
  1402 | D:2      | Noticed a fire elemental
  1635 | D:2      | Found a stormy altar of Qazlal.
  1638 | D:2      | Noticed an air elemental
  1638 | D:2      | Noticed an earth elemental
  1638 | D:2      | Noticed a water elemental
  1667 | D:2      | Reached XP level 4. HP: 24/24 MP: 4/12
  1889 | D:2      | Learned a level 3 spell: Inner Flame
  2234 | D:2      | HP: 1/36 [gnoll/halberd (8)]
  2236 | D:2      | Slain by a gnoll

Skill      XL: |  1  2  3  4 |
---------------+-------------+-----
Fire Magic     | 4 |  4.1
Spellcasting   | 4 |  4.3
Stealth        | 3 |  3.1
Conjurations   | 2 |  2.1
Fighting       | |  0.1
Throwing       | |  0.2
Dodging        | |  2.8
Hexes          | |  0.3

Action                   |  1- 3 |  4- 6 || total
-------------------------+-------+-------++-------
Melee: Dagger            |     5 |     5 ||    10
Throw: Stone             |     9 |       ||     9
 Cast: Flame Tongue      |    35 |    11 ||    46
       Throw Flame       |    22 |    20 ||    42
       Conjure Flame     |     1 |       ||     1
       Inner Flame       |       |     1 ||     1
  Use: Scroll            |       |     1 ||     1
       Potion            |       |     1 ||     1
  Eat: Chunk             |     3 |     2 ||     5
Armor: Robe              |     5 |     1 ||     6
       Skin              |       |     9 ||     9
Dodge: Dodged            |    11 |     9 ||    20
